 Dungeon Crawl Stone Soup version 0.28-a0-779-g3d1f99b579 (webtiles) character file.

Game seed: 12460899277282077843

65907 gimp the Basher (level 15, -15/146 HPs)
             Began as an Ogre Cinder Acolyte on Nov 2, 2021.
             Was an Initiate of Ignis.
             Demolished by a rakshasa (19 damage)
             ... on level 14 of the Dungeon on Nov 3, 2021.
             The game lasted 01:10:41 (31029 turns).

gimp the Basher (Ogre Cinder Acolyte)              Turns: 31029, Time: 01:10:41

Health: -15/146    AC: 21    Str: 22    XL:     15   Next: 18%
Magic:  16/16      EV: 15    Int: 15    God:    Ignis [......]
Gold:   274        SH:  0    Dex: 14    Spells: 14/16 levels left

rFire   + + .      SeeInvis .   a - +4 great mace (protect)
rCold   . . .      Faith    .   (shield currently unavailable)
rNeg    . . .      Spirit   .   A - +0 troll leather armour
rPois   .          Reflect  .   M - +2 hat of the Present {Rampage Dex+3}
rElec   .          Harm     .   p - +2 cloak
rCorr   .          Rampage  +   (gloves unavailable)
Will    +....                   (boots unavailable)
Stlth   +++.......              (no amulet)
HPRegen 1.34/turn               H - ring of protection from fire
MPRegen 0.15/turn               l - +4 ring of protection

@: mighty, under a protective aura, studying Dodging
A: large, unfitting armour, tough skin 1, agile 1
a: Renounce Religion


You were on level 14 of the Dungeon.
You worshipped Ignis.
Ignis was noncommittal.
You visited 3 branches of the dungeon, and saw 21 of its levels.
You also visited: Sewer and Ice Cave.

You collected 2178 gold pieces.
You spent 1904 gold pieces at shops.

Inventory:

Hand Weapons
 a - a +4 great mace of protection (weapon)
 b - the +9 flail of the Distant Future {flame, +Blink}
   (You found it on level 3 of the Lair of Beasts)

   It burns those it strikes, dealing additional fire damage.
   +Blink:    It lets you blink.
 x - a +0 giant spiked club
 E - a +0 great mace
 I - a +1 whip of electrocution
 U - a +0 dire flail
Missiles
 g - 12 javelins
 i - 78 poisoned darts
 s - 4 curare-tipped darts
 z - 16 large rocks
Armour
 p - a +2 cloak (worn)
 v - a +0 kite shield
 y - a +0 robe of positive energy
 A - a +0 troll leather armour (worn)
 M - the +2 hat of the Present (worn) {Rampage Dex+3}
   (You found it on level 4 of the Lair of Beasts)

   Dex:       It affects your dexterity (+3).
   Rampage:   It bestows one free step when moving towards enemies.
Jewellery
 j - a +4 ring of evasion
 l - a +4 ring of protection (right hand)
 u - a +4 ring of protection
 G - a ring of see invisible
 H - a ring of protection from fire (left hand)
 T - an amulet of reflection
Wands
 h - a wand of polymorph (12)
 w - a wand of digging (17)
 O - a wand of flame (9)
 V - a wand of acid (9)
Scrolls
 c - 4 scrolls of fog
 f - 3 scrolls of magic mapping
 k - 9 scrolls of teleportation
 m - 10 scrolls of identify
 n - 5 scrolls of enchant armour
 o - a scroll of fear
 q - a scroll of immolation
 r - 2 scrolls of amnesia
 B - 2 scrolls of holy word
 K - 2 scrolls of enchant weapon
 P - a scroll of brand weapon
 Q - 5 scrolls of blinking
 R - 2 scrolls of silence
 S - a scroll of summoning
Potions
 d - a potion of mutation
 e - 4 potions of flight
 t - 3 potions of might
 C - a potion of ambrosia
 D - a potion of brilliance
 F - a potion of cancellation
 J - 3 potions of curing
Miscellaneous
 L - a lightning rod (4/4)
 N - a phantom mirror (inert)


   Skills:
 - Level 9.0 Fighting
 + Level 14.6 Maces & Flails
 - Level 6.0 Throwing
 + Level 13.2 Dodging
 - Level 6.0 Stealth
 - Level 1.2 Spellcasting
 - Level 5.0 Fire Magic
 + Level 10.4 Evocations


You had 14 spell levels left.
You knew the following spells:

 Your Spells              Type           Power      Damage    Failure   Level
a - Scorch                Fire           30%        2d6       5%          2

Your spell library contained the following spells:

 Spells                   Type           Power      Damage    Failure   Level
 Beastly Appendage        Tmut           0%         N/A       28%         1
 Magic Dart               Conj           0%         1d3       28%         1
 Sandblast                Erth           0%         2d4       28%         1
 Shock                    Conj/Air       0%         1d3       28%         1
 Slow                     Hex            0%         N/A       28%         1
 Ensorcelled Hibernation  Hex/Ice        0%         N/A       38%         2
 Passwall                 Tmut/Erth      0%         N/A       38%         2
 Searing Ray              Conj           0%         2d4       38%         2
 Static Discharge         Conj/Air       0%         N/A       38%         2
 Wereblood                Tmut           0%         N/A       38%         2
 Confusing Touch          Hex            0%         N/A       63%         3
 Dazzling Flash           Conj/Hex       0%         N/A       63%         3
 Frozen Ramparts          Ice            0%         1d2       63%         3
 Gell's Gravitas          Tloc           0%         N/A       63%         3
 Lesser Beckoning         Tloc           0%         N/A       63%         3
 Spider Form              Tmut/Pois      0%         N/A       63%         3
 Stone Arrow              Conj/Erth      0%         3d7       63%         3
 Summon Guardian Golem    Hex/Summ       0%         N/A       63%         3
 Swiftness                Air            0%         N/A       63%         3
 Teleport Other           Tloc           0%         N/A       63%         3
 Tukima's Dance           Hex            0%         N/A       63%         3
 Vampiric Draining        Necr           0%         2d6       63%         3
 Sticky Flame             Conj/Fire      8%         2d3       69%         4
 Airstrike                Air            0%         N/A       95%         4
 Animate Dead             Necr           0%         N/A       95%         4
 Dispel Undead            Necr           0%         3d6       95%         4
 Fulminant Prism          Conj/Hex       0%         3d6       95%         4
 Ice Form                 Ice/Tmut       0%         N/A       95%         4
 Iskenderun's Mystic Bla  Conj/Tloc      0%         2d3       95%         4
 Passage of Golubria      Tloc           0%         N/A       95%         4
 Summon Ice Beast         Ice/Summ       0%         N/A       95%         4
 Borgnjor's Vile Clutch   Necr/Erth      0%         N/A       100%        5
 Yara's Violent Unravell  Hex/Tmut       0%         3d3       100%        5
 Death Channel            Necr           0%         N/A       100%        6
 Starburst                Conj/Fire      4%         6d3       100%        6
 Orb of Destruction       Conj           0%         N/A       100%        7
 Spellforged Servitor     Conj/Summ      0%         N/A       100%        7


Dungeon Overview and Level Annotations

Branches:
Dungeon (14/15)            Temple (0/1) D:4            Lair (5/6) D:11
 Shoals (0/4) Lair:2       Spider (0/4) Lair:4        Slime (0/5) Lair:5
    Orc (2/2) D:9             Elf (0/3) Orc:2        Vaults (0/5) D:13
  Sewer (visited)           IceCv (visited)

Altars:
Ashenzari
Dithmenos
Elyvilon
Fedhas
Gozag
Nemelex Xobeh
Okawaru
Ru
Trog
Wu Jian
Xom
Yredelemnul
Jiyva

Shops:
D:8 ?   Orc:2 [[?=?

Annotations:
D:8 exclusion: ice statue
D:10 3 runed translucent doors
D:13 1 runed translucent door, exclusion: door
Lair:1 3 runed translucent doors, Ovvef's ghost, journeyman GnFi


Innate Abilities, Weirdness & Mutations

You are too large for most types of armour.
You have tough skin. (AC +1)
You are agile. (Dex +2)


Message History

The centaur warrior hits you but does no damage.
The centaur warrior kicks you but does no damage.
The centaur warrior hits you but does no damage.
The centaur warrior kicks you.
* * * LOW HITPOINT WARNING * * *
The rakshasa weaves an illusion.
The centaur warrior shimmers and seems to become two!
The rakshasa hits you with a +0 trident.
* * * LOW HITPOINT WARNING * * *
You take 1 damage, and have 22/146 hp.
You barely miss the rakshasa.
The rakshasa is heavily wounded.
The centaur warrior hits you but does no damage.
The centaur warrior barely misses you. The centaur warrior hits you.
* * * LOW HITPOINT WARNING * * *
The centaur warrior kicks you.
* * * LOW HITPOINT WARNING * * *
The centaur warrior hits you but does no damage.
The centaur warrior completely misses you.
The centaur warrior hits you.
* * * LOW HITPOINT WARNING * * *
The centaur warrior kicks you but does no damage.
The rakshasa completely misses you.
The centaur warrior hits you but does no damage.
The centaur warrior closely misses you.
The centaur warrior hits you but does no damage.
The centaur warrior kicks you but does no damage.
You take 7 damage, and have 15/146 hp.
You sock the rakshasa!
The rakshasa is severely wounded.
The centaur warrior completely misses you.
The centaur warrior barely misses you. The centaur warrior hits you.
* * * LOW HITPOINT WARNING * * *
The centaur warrior kicks you.
* * * LOW HITPOINT WARNING * * *
The centaur warrior hits you.
* * * LOW HITPOINT WARNING * * *
The centaur warrior kicks you but does no damage.
The rakshasa hits you from afar with a +0 trident!!
You die...

############ ###########
#..........# #§§.......#
#..........# #§cc§.....#
#......(...# #R@cR.....#
#<.).......###§.§......+
#............#§........#
#..........#.'.........#
#..........###.........#
########.### #.........#
#.# ###+####### ..# ..#


You could see 2 rakshasas and 3 centaur warriors.

Vanquished Creatures
  Rupert (D:12)
  Josephine (D:12)
  10 hydras
  A boulder beetle (D:12)
  2 vault guards (D:13)
  2 centaur warriors (D:13)
  Erolcha (D:10)
  2 two-headed ogres
  3 orc high priests (Orc:2)
  A fire crab (Lair:5)
  An orb spider (Lair:4)
  5 orc knights
  A wizard (D:13)
  2 necromancers (D:13)
  A manticore (D:12)
  2 ugly things
  3 orc sorcerers (Orc:2)
  3 cyclopes
  A merfolk siren (Lair:2)
  Joseph (D:7)
  Maurice (D:10)
  A centaur zombie (D:11)
  6 elephants (Lair:4)
  2 black mambas
  2 gargoyles
  7 cane toads
  2 kobold demonologists
  A rime drake (Lair:1)
  8 komodo dragons
  An ice devil (IceCv)
  2 efreet
  3 freezing wraiths (IceCv)
  An anaconda simulacrum (IceCv)
  5 trolls
  A hornet (D:10)
  2 polar bears
  22 blink frogs
  14 slime creatures
  2 dream sheep (Lair:5)
  A vampire (D:9)
  A water elemental (D:10)
  4 shadows
  8 wraiths
  40 yaks
  5 wyverns
  3 death yak simulacra (IceCv)
  20 humans (D:13)
  A steam dragon (Orc:1)
  5 basilisks
  5 vampire mosquitoes
  13 water moccasins
  3 black bears
  A black bear (shapeshifter) (D:13)
  A swamp drake (D:9)
  4 sky beasts
  2 ice beasts
  7 ogres
  18 orc warriors
  17 wolves
  7 centaurs
  5 necrophages (Lair:3)
  2 phantoms
  A kobold brigand (D:10)
  11 bullfrogs
  3 scorpions
  A gnoll sergeant (D:10)
  4 cane toad simulacra
  A water moccasin skeleton (D:4)
  A wyvern skeleton (D:7)
  4 killer bees (D:9)
  3 elephant simulacra
  7 wights
  2 electric eels (D:11)
  A bullfrog zombie (D:6)
  7 hounds
  4 jellies
  10 orc priests
  Jessica (D:2)
  2 bullfrog skeletons
  21 orc wizards
  2 troll simulacra (IceCv)
  2 spriggan simulacra (IceCv)
  A polar bear simulacrum (IceCv)
  A killer bee zombie (D:9)
  2 wolf simulacra (Lair:3)
  3 hound skeletons (D:4)
  A howler monkey zombie (D:5)
  A howler monkey skeleton (D:7)
  10 gnolls
  6 adders
  A naga simulacrum (IceCv)
  A river rat (D:4)
  A white imp (D:6)
  An ufetubus (D:6)
  An adder skeleton (D:5)
  A worm (D:4)
  2 dart slugs
  68 orcs
  4 bats
  11 endoplasms
  2 giant cockroaches (D:4)
  8 goblins
  7 hobgoblins
  2 jackals (Sewer)
  2 quokkas
  11 ball pythons
  5 frilled lizards
  4 kobolds
  9 rats
554 creatures vanquished.

Vanquished Creatures (collateral kills)
  A hornet (D:8)
1 creature vanquished.

Vanquished Creatures (others)
  A centaur simulacrum (D:13)
  A water moccasin (Lair:5)
  An orc (Orc:2)
  77 foxfires
  29 fungi
  33 plants
142 creatures vanquished.

Grand Total: 697 creatures vanquished

Notes
Turn   | Place    | Note
-------+----------+-------------------------------------------
     0 | D:1      | gimp the Ogre Cinder Acolyte began the quest for the Orb.
     0 | D:1      | Reached XP level 1. HP: 24/24 MP: 2/2
   123 | D:1      | Found a faded altar of an unknown god.
   193 | D:1      | Reached XP level 2. HP: 28/32 MP: 3/3
   281 | D:1      | Reached skill level 3 in Maces & Flails
   784 | D:1      | Reached XP level 3. HP: 38/40 MP: 4/4
  1105 | D:2      | Reached skill level 5 in Fighting
  1106 | D:2      | Reached XP level 4. HP: 29/50 MP: 5/5
  1862 | D:2      | Found an iron altar of Okawaru.
  2187 | D:2      | Learned a level 2 spell: Scorch
  2452 | D:2      | Noticed Jessica
  2466 | D:2      | Killed Jessica
  2467 | D:2      | Reached skill level 4 in Maces & Flails
  2467 | D:2      | Reached XP level 5. HP: 29/57 MP: 4/6
  3208 | D:3      | Noticed a sky beast
  3615 | D:3      | Killed a sky beast
  3616 | D:3      | Reached XP level 6. HP: 57/66 MP: 0/7
  4021 | D:3      | Reached skill level 5 in Maces & Flails
  4306 | D:4      | Noticed a black bear
  4310 | D:4      | Killed a black bear
  4312 | D:4      | Found a shimmering altar of Xom.
  4384 | D:4      | Noticed a black bear
  4404 | D:4      | Found a glowing drain.
  4407 | D:4      | Noticed a sky beast
  4413 | D:4      | Reached XP level 7. HP: 25/72 MP: 1/8
  4419 | Sewer    | Entered a sewer
  4822 | Sewer    | Reached skill level 6 in Maces & Flails
  4969 | D:4      | Found a basalt altar of Yredelemnul.
  5573 | D:4      | Found an ornate altar of the Wu Jian Council.
  5584 | D:4      | Reached skill level 5 in Fire Magic
  5712 | D:4      | Reached skill level 7 in Maces & Flails
  5712 | D:4      | Reached XP level 8. HP: 27/80 MP: 2/9
  6015 | D:4      | Found a staircase to the Ecumenical Temple.
  6189 | D:4      | Found a blossoming altar of Fedhas.
  6189 | D:4      | Found a broken altar of Ashenzari.
  6192 | D:4      | Found an opulent altar of Gozag.
  6231 | D:5      | Entered Level 5 of the Dungeon
  6274 | D:5      | Found a shadowy altar of Dithmenos.
  6340 | D:5      | Reached skill level 1 in Dodging
  6804 | D:5      | Reached skill level 8 in Maces & Flails
  7173 | D:5      | Found a bloodstained altar of Trog.
  7388 | D:5      | Found a sparkling altar of Nemelex Xobeh.
  7864 | D:6      | Reached XP level 9. HP: 88/88 MP: 2/10
  8443 | D:7      | Reached skill level 9 in Maces & Flails
  8908 | D:7      | Found a white marble altar of Elyvilon.
  9060 | D:7      | Noticed Joseph
  9308 | D:7      | Killed Joseph
  9309 | D:7      | Reached skill level 10 in Maces & Flails
  9309 | D:7      | Reached skill level 5 in Dodging
  9993 | D:7      | Found a sacrificial altar of Ru.
 10030 | D:7      | Identified the +6 spear "Locos" {elec, rN+ Int+4}
 10369 | D:8      | Noticed a hornet
 10377 | D:8      | Paralysed by a hornet for 2 turns
 10381 | D:8      | Gained mutation: You are agile. (Dex +2) [potion of
                  | mutation]
 10383 | D:8      | HP: 3/88 [poisoned by a hornet]
 10385 | D:8      | Killed a hornet
 10911 | D:8      | Reached XP level 10. HP: 85/96 MP: 6/11
 11134 | D:8      | Found Arydiu's Magic Scroll Emporium.
 11142 | D:8      | Bought a scroll of fog for 30 gold pieces
 11142 | D:8      | Bought a scroll of teleportation for 45 gold pieces
 11142 | D:8      | Bought a scroll of identify for 30 gold pieces
 11228 | D:8      | Noticed an ice statue
 11992 | D:9      | Reached skill level 11 in Maces & Flails
 13581 | D:9      | Found a staircase to the Orcish Mines.
 13684 | D:10     | Entered Level 10 of the Dungeon
 13684 | D:10     | Noticed Maurice
 13684 | D:10     | Noticed Erolcha
 14127 | D:10     | Identified the +3 scale mail of the Lemon {Rampage SInv}
 14161 | D:10     | Paralysed by a hornet for 1 turns
 14174 | D:10     | HP: 10/216 [hornet (5)]
 14178 | D:10     | Reached skill level 12 in Maces & Flails
 14546 | D:10     | Noticed a two-headed ogre
 14565 | D:11     | Noticed a gargoyle
 14576 | D:11     | Identified the +3 falchion of Demand {vorpal, *Noise rPois
                  | Str+5 Int+3}
 14615 | D:11     | Noticed a red ugly thing
 14651 | D:10     | Found a runed translucent gate.
 14819 | Orc:1    | Entered Level 1 of the Orcish Mines
 15249 | Orc:2    | Entered Level 2 of the Orcish Mines
 15429 | D:10     | Found a runed translucent gate.
 15430 | D:10     | Found a runed translucent gate.
 15430 | D:10     | Noticed a purple ugly thing
 15430 | D:10     | Noticed a cyan ugly thing
 15430 | D:10     | Noticed a green ugly thing
 15431 | D:10     | Noticed a glowing orange brain
 15431 | D:10     | Noticed a cyan ugly thing
 15432 | D:10     | Noticed a brown ugly thing
 15432 | D:10     | Noticed an orb spider
 16092 | Orc:2    | Found a staircase to the Elven Halls.
 17168 | Orc:1    | Reached XP level 11. HP: 70/102 MP: 12/12
 17682 | D:10     | Killed Erolcha
 17683 | D:10     | Reached skill level 1 in Evocations
 18095 | D:10     | Killed Maurice
 18339 | D:10     | Killed a two-headed ogre
 18340 | D:10     | Reached skill level 13 in Maces & Flails
 18575 | D:11     | Found a staircase to the Lair.
 18914 | D:11     | Noticed a cyclops
 18926 | D:11     | Killed a cyclops
 19065 | D:11     | Killed a red ugly thing
 19066 | D:11     | Reached skill level 1 in Throwing
 19331 | D:11     | Noticed a cyclops
 19343 | D:11     | Killed a cyclops
 19704 | D:12     | Noticed Rupert
 19704 | D:12     | Noticed a boulder beetle
 19711 | D:12     | Noticed a two-headed ogre
 19881 | Lair:1   | Entered Level 1 of the Lair of Beasts
 20158 | Lair:1   | Reached XP level 12. HP: 110/119 MP: 13/13
 20461 | Lair:1   | Found a runed translucent gate.
 20461 | Lair:1   | Found a runed translucent gate.
 20461 | Lair:1   | Found a runed translucent gate.
 20462 | Lair:1   | Found a viscous altar of Jiyva.
 20462 | Lair:1   | Noticed Ovvef's ghost (journeyman GnFi)
 20462 | Lair:1   | Noticed a great orb of eyes
 20961 | Lair:2   | Reached skill level 14 in Maces & Flails
 20966 | Lair:2   | Noticed a seven-headed hydra
 21562 | Lair:2   | Reached skill level 5 in Throwing
 21562 | Lair:2   | Reached skill level 5 in Evocations
 22069 | Lair:2   | Noticed a four-headed hydra
 22117 | Lair:2   | Killed a four-headed hydra
 22322 | Lair:2   | Found a staircase to the Shoals.
 22467 | Lair:2   | Killed a seven-headed hydra
 22468 | Lair:2   | Reached XP level 13. HP: 24/131 MP: 14/14
 22804 | Lair:3   | Reached skill level 1 in Stealth
 22882 | Lair:3   | Found a frozen archway.
 22908 | IceCv    | Entered an ice cave
 24179 | Lair:3   | Identified the +9 flail of the Distant Future {flame,
                  | +Blink}
 25199 | Lair:4   | Identified the +2 hat of the Present {Rampage Dex+3}
 25323 | Lair:4   | Reached skill level 10 in Dodging
 25642 | Lair:4   | Reached XP level 14. HP: 140/140 MP: 15/15
 25683 | Lair:4   | Reached skill level 5 in Stealth
 25887 | Lair:4   | Found a hole to the Spider Nest.
 26579 | Lair:5   | Found a staircase to the Slime Pits.
 27704 | Orc:2    | Found Opsim's Armour Shop.
 28227 | Orc:2    | Found Alock's Jewellery Shoppe.
 28227 | Orc:2    | Found Nyuraum's Magic Scroll Boutique.
 28229 | Orc:2    | Found Redihon's Armour Shoppe.
 28229 | Orc:2    | Found Hoephalo's Magic Scroll Boutique.
 28245 | Orc:2    | Bought a scroll of acquirement for 936 gold pieces
 28246 | Orc:2    | Acquired a manual of Dodging
 28257 | Orc:2    | Bought a scroll of fear for 45 gold pieces
 28257 | Orc:2    | Bought a scroll of blinking for 97 gold pieces
 28257 | Orc:2    | Bought a scroll of blinking for 97 gold pieces
 28257 | Orc:2    | Bought a scroll of teleportation for 39 gold pieces
 28259 | Orc:2    | Bought a scroll of silence for 135 gold pieces
 28259 | Orc:2    | Bought a scroll of magic mapping for 63 gold pieces
 28259 | Orc:2    | Bought a scroll of teleportation for 54 gold pieces
 28259 | Orc:2    | Bought a scroll of teleportation for 54 gold pieces
 28259 | Orc:2    | Bought a scroll of teleportation for 54 gold pieces
 28259 | Orc:2    | Bought a scroll of teleportation for 54 gold pieces
 28259 | Orc:2    | Bought a scroll of summoning for 171 gold pieces
 28882 | D:12     | Noticed Josephine
 28941 | D:12     | Killed Josephine
 29464 | D:12     | Killed Rupert
 30086 | D:13     | Found a gate to the Vaults.
 30128 | D:13     | Reached skill level 10 in Evocations
 30151 | D:13     | Reached XP level 15. HP: 107/145 MP: 16/16
 30292 | D:13     | Found a runed translucent door.
 31029 | D:14     | HP: 4/146 [centaur warrior (illusionary) (6)]
 31029 | D:14     | Demolished by a rakshasa

Illustrated notes

Levels and vault maps discovered:
D:1:      ncdulo_lavacross, layout_loops_cross,
          hellmonk_ecumenical_altar_heavens_door, minmay_split_cup_small
D:2:      layout_loops_cross, basic_altar, uniq_jessica
D:3:      layout_basic
D:4:      layout_rooms, minitemple, amcnicky_altar_gilded,
          minmay_temple_entry_ruins, portal_sewer_entry_a, minmay_surrounded
D:5:      layout_cave_pools, nemelex_spade_bored_becter,
          lemuel_coloured_pillars_altar, kennysheep_little_box,
          roderic_three_in_a_row, hangedman_abyss_or_decor_passed
D:6:      layout_loops_ring
D:7:      layout_rooms, mainiacjoe_overflow_small_starburst,
          hangedman_ru_absence, minmay_circle_x, uniq_joseph
D:8:      minmay_statue_hallways, layout_gridville, serial_shops, shop
D:9:      layout_loops_ring, erik_orc_1, hive_lemuel
D:10:     layout_rooms, ploomutoo_gammafunk_ghost_potion_laboratory,
          blue_anna_alchemist, uniq_maurice, uniq_erolcha
D:11:     layout_irregular_city, erik_lair_island
D:12:     layout_loops_ring, minmay_librarian, uniq_josephine, uniq_rupert
D:13:     layout_roguey, grunt_vaults_entry_tiered, eino_curves_01,
          grunt_ministairs_12, lightli_airlock
D:14:     layout_roguey, ashenzari_altar_1, chequers_serial_rivers_micro_d,
          lemuel_flame_loot_1
Lair:1:   layout_cave_pods, gammafunk_ghost_ooze
Lair:2:   layout_chaotic_city, minmay_shoals_entry_lonely_mermaid
Lair:3:   layout_hall_layers, portal_ice_cave_entry_ice_simulacra,
          roderic_carrion_pond
Lair:4:   layout_regular_city, nicolae_spider_entry_orb_guardian
Lair:5:   layout_roguey, minmay_slime_entry_pillars, beast_lair_carwin_4,
          serial_bayou_shore_a
Orc:1:    layout_diamond_mine, okawaru_metal_pillars_3
Orc:2:    grunt_orc_tribal_feast, layout_diamond_mine, serial_shops,
          nicolae_shop_temple_entry_statues_fountains

Skill      XL: |  1  2  3  4  5  6  7  8  9 10 11 12 13 14 15 |
---------------+----------------------------------------------+-----
Maces & Flails | 3 4 5 7 8 10 12 13 14 | 14.6
Fire Magic     | 3 4 5 |  5.0
Fighting       | 5 7 9 |  9.0
Dodging        | 3 5 7 8 10 12 13 | 13.2
Evocations     | 3 6 8 10 | 10.4
Throwing       | 2 6 |  6.0
Stealth        | 4 6 |  6.0
Spellcasting   | |  1.2

Action                   |  1- 3 |  4- 6 |  7- 9 | 10-12 | 13-15 || total
-------------------------+-------+-------+-------+-------+-------++-------
Melee: Mace              |    76 |   152 |   116 |       |       ||   344
       Flail             |       |       |   110 |    45 |   587 ||   742
       Dire flail        |       |       |       |   740 |   228 ||   968
       Morningstar       |       |       |       |    76 |       ||    76
       Whip              |       |       |       |   133 |       ||   133
       Great mace        |       |       |       |       |   287 ||   287
Throw: Dart              |       |    10 |     3 |    38 |    20 ||    71
 Cast: Scorch            |       |    22 |   119 |    78 |    61 ||   280
Invok: Foxfire Swarm     |       |       |     1 |     7 |       ||     8
       Rising Flame      |       |       |       |     1 |       ||     1
Evoke: Wand              |       |       |     9 |    32 |    13 ||    54
       Lightning rod     |       |       |       |       |     6 ||     6
       Phantom mirror    |       |       |       |       |     2 ||     2
  Use: Potion            |       |     1 |     6 |     2 |     1 ||    10
       Scroll            |       |       |    11 |     7 |     9 ||    27
 Stab: Paralysed         |       |       |     6 |     3 |       ||     9
       Sleeping          |       |       |       |       |     9 ||     9
       Distracted        |       |       |       |       |     3 ||     3
Armor: Robe              |    34 |    47 |    72 |    77 |       ||   230
       Skin              |       |       |     8 |    48 |       ||    56
       Troll leather arm |       |       |       |   139 |   453 ||   592
Dodge: Dodged            |    35 |    82 |   151 |   678 |   773 ||  1719

Table legend: (Time is in decaauts)
 A = Elapsed time spent in this place.
 B = Non-inter-level travel time spent in this place.
 C = Inter-level travel time spent in this place.
 D = Time resting spent in this place.
 E = Time spent auto-exploring this place.
 F = Levels seen in this place.
 G = Mean time per level.
                   A        B        C        D        E       F      G
               +--------+--------+--------+--------+--------+-----+--------+
         Total |  30594 |  28737 |   1857 |   4639 |  17499 |  23 | 1330.2 |
       Dungeon |  20165 |  18754 |   1411 |   2740 |  12521 |  14 | 1440.4 |
          Lair |   5620 |   5402 |    218 |    459 |   3211 |   5 | 1124.0 |
  Orcish Mines |   3405 |   3178 |    227 |   1298 |    939 |   2 | 1702.5 |
         Sewer |    534 |    534 |      0 |      0 |    457 |   1 |  534.0 |
      Ice Cave |    867 |    867 |      0 |    142 |    371 |   1 |  867.0 |
               +--------+--------+--------+--------+--------+-----+--------+

Top non-repeatable levels by time:
     D:9: 3116 daAuts
   Orc:1: 2043 daAuts
     D:2: 1891 daAuts
    D:10: 1835 daAuts
     D:8: 1589 daAuts
     D:3: 1588 daAuts
     D:7: 1521 daAuts
  Lair:1: 1489 daAuts
     D:6: 1381 daAuts
  Lair:2: 1366 daAuts
   Orc:2: 1361 daAuts
  Lair:4: 1309 daAuts
     D:4: 1243 daAuts
     D:1: 1229 daAuts
     D:5: 1194 daAuts
